AoeStats
← So sad

Pilgrims

510159046Analyzed
3v3 RM · 2d ago on Sep 29, 2026· 38m 17s· 6 players
Game mode
Random Map
Map size
Normal (6 player)
Population
200
Speed
Normal
Resources
Standard
Victory
Conquest
Starting age
Dark Age
Ending age
Imperial Age
RankedLock teamsTeams togetherTeam positionsShared explorationLock speedFull tech treeHidden civsTurbo modeCheats
Victory
Defeat
🇺🇦 Aztecs · Ukraine
1365
+14
🇧🇾 Saxons · Belarus
1355
+14
🇧🇾 Tatars · Belarus
1350
+14
🇨🇭 Huns · Switzerland
1364
-15
🇨🇭 Burmese · Switzerland
1354
-16
🇨🇭 Inca · Switzerland
1230
-11
Fenouil
6:21 Loom
10:01 Feudal Age
10:30 Man-at-Arms
13:56 Arson
15:55 Horse Collar
16:41 Scale Mail Armor
16:55 Forging
18:14 Wheelbarrow
21:46 Castle Age
20:45 Scale Mail Armor
21:35 Scale Barding Armor
23:01 Bloodlines
23:05 Husbandry
23:55 Chain Barding Armor
27:37 Hand Cart
27:48 Heavy Plow
29:51 Iron Casting
30:50 Light Cavalry
39:46 Imperial Age
37:42 Manipur Cavalry
betterave
8:17 Loom
11:27 Feudal Age
15:17 Castle Age
13:31 Double-Bit Axe
14:19 Fletching
16:38 Medium Warships
17:00 Bow Saw
25:01 Bodkin Arrow
Panais
8:51 Loom
12:27 Feudal Age
12:36 Champi Runner
13:17 Fishing Lines
14:03 Forging
13:56 Scale Mail Armor
17:15 Fletching
25:50 Wheelbarrow
27:57 Castle Age
30:25 Squires
30:28 Champi Warrior
37:44 Chain Mail Armor
38:05 Iron Casting
38:01 Hand Cart
HURMA
6:54 Loom
11:51 Feudal Age
15:45 Castle Age
13:52 Fishing Lines
15:26 Forging
15:11 Double-Bit Axe
16:37 Medium Warships
17:02 Iron Casting
17:20 Gillnets
17:38 Stone Mining
18:06 Bow Saw
18:43 Wheelbarrow
19:14 Scale Mail Armor
20:19 Town Watch
21:04 Chain Mail Armor
23:15 Fletching
23:51 Bodkin Arrow
26:16 Arson
26:32 Squires
28:08 Hand Cart
32:21 Imperial Age
30:36 Horse Collar
31:41 Gambesons
32:29 Elite Hearth Troop
32:35 Shield Wall
34:12 Plate Mail Armor
34:30 Conscription
34:33 Bracer
34:39 Padded Archer Armor
34:43 Pikeman
37:53 Two-Man Saw
37:49 Heavy Plow
38:06 Leather Archer Armor
NiL
9:58 Feudal Age
11:17 Loom
13:40 Castle Age
11:31 Fishing Lines
11:49 Double-Bit Axe
15:48 Town Watch
16:49 Fervor
17:07 Sanctity
19:00 Fletching
23:26 Atonement
23:24 Herbal Medicine
24:55 Wheelbarrow
26:29 Bow Saw
27:58 Bodkin Arrow
29:14 Hand Cart
30:29 Redemption
30:03 Pikeman
34:05 Heresy
33:46 Devotion
35:17 Treadmill Crane
36:50 Town Patrol
40:05 Imperial Age
So sad
4:19 Loom
13:46 Feudal Age
14:14 Town Watch
15:36 Double-Bit Axe
15:54 Fletching
16:15 Forging
22:36 Castle Age
20:43 Fishing Lines
21:48 Stone Mining
28:42 Scale Barding Armor
28:41 Bodkin Arrow
30:43 Gillnets
36:16 Iron Casting
36:40 Fortified Wall
37:25 Masonry
38:15 Treadmill Crane
Connection lost

Rejoining the realm…

Still unreachable

The connection could not be restored.

Session expired

The server has moved on; the page needs a fresh start.